 Dungeon Crawl Stone Soup version 0.30-b1-2-g02819fbbbe (webtiles) character file.

Game seed: 2417322100452032626

57 H0rd4k the Charlatan (level 4, 0/32 HPs)
             Began as a Human Artificer on May 3, 2023.
             Slain by a hobgoblin (1 damage)
             ... on level 2 of the Dungeon.
             The game lasted 00:02:05 (1523 turns).

H0rd4k the Charlatan (Human Artificer)              Turns: 1523, Time: 00:02:06

Health: 0/32       AC:  5    Str: 12    XL:     4   Next: 18%
Magic:  4/4        EV: 12    Int: 19    God:
Gold:   57         SH:  0    Dex: 14    Spells: 3/3 levels left

rFire   . . .        a - +0 club
rCold   . . .        (no shield)
rNeg    . . .        b - +0 leather armour
rPois   .            (no helmet)
rElec   .            (no cloak)
rCorr   .            g - +1 pair of gloves
SInv    .            (no boots)
Will    .....        (no amulet)
Stlth   +            o - +6 ring of intelligence
HPRegen 0.25/turn    (no ring)
MPRegen 0.09/turn

%: no passive effects
@: no status effects
A: no striking features
a: no special abilities


You were on level 2 of the Dungeon.
You visited 1 branch of the dungeon, and saw 2 of its levels.

You collected 57 gold pieces.

Inventory:

Hand Weapons
 a - a +0 club (weapon)
Armour
 b - a +0 leather armour (worn)
 g - a +1 pair of gloves (worn)
Jewellery
 o - a +6 ring of intelligence (left hand)
Wands
 c - a wand of flame (12) (quivered)
 d - a wand of charming (13)
 e - a wand of iceblast (5)
Scrolls
 f - a scroll of acquirement {unknown}
 h - a scroll of identify {unknown}
 i - a scroll of poison {unknown}
 j - a scroll of immolation {unknown}
Potions
 k - 3 potions of curing {unknown}
 l - a potion of magic {unknown}
 m - a potion of degeneration {unknown}
 n - a potion of mutation {unknown}


   Skills:
 + Level 1.6 Fighting
 + Level 1.2 Maces & Flails
 - Level 2.0 Armour
 + Level 2.2 Dodging
 + Level 1.2 Stealth
 + Level 3.4 Evocations


You had 3 spell levels left.
You didn't know any spells.
Your spell library contained the following spells:

 Spells                   Type           Power      Damage    Failure   Level
 Sublimation of Blood     Necr           0%         N/A       36%         2
 Wereblood                Tmut           0%         N/A       36%         2
 Summon Hydra             Summ           0%         N/A       100%        7


Dungeon Overview and Level Annotations

Branches:
Dungeon (2/15)

Altars:

Shops:
D:1 (=


Message History

The gnoll shouts! x3
You hit the hobgoblin but do no damage.
You hear a shout!
The hobgoblin closely misses you.
A kobold comes into view. It is wielding a +0 short sword.
The hobgoblin hits you but does no damage.
You hit the hobgoblin but do no damage. The hobgoblin closely misses you.
You closely miss the hobgoblin. The hobgoblin barely misses you. x2
You hit the hobgoblin but do no damage.
The gnoll hits you from afar with a +0 spear.
The hobgoblin hits you but does no damage.
The hobgoblin barely misses you.
You hit the gnoll.
The gnoll is lightly wounded.
The gnoll hits you with a +0 flail. The gnoll closely misses you.
The hobgoblin hits you but does no damage. x2
The gnoll hits you from afar with a +0 halberd!
The gnoll misses you. The gnoll hits you but does no damage.
The gnoll hits you from afar with a +0 spear.
* * * LOW HITPOINT WARNING * * *
The hobgoblin misses you.
The hobgoblin hits you but does no damage.
Aiming: Charm
Press: ? - help, Shift-Dir - straight line, f - gnoll
Aim: a gnoll, wielding a +0 flail (lightly wounded, chance to affect: 67%)
The gnoll is charmed.
The gnoll hits you from afar with a +0 spear.
* * * LOW HITPOINT WARNING * * *
The kobold hits you but does no damage. The gnoll closely misses you.
The gnoll completely misses you. The hobgoblin closely misses you.
The hobgoblin hits you but does no damage.
Aiming: Charm
Press: ? - help, Shift-Dir - straight line, f - gnoll, p - gnoll
Aim: a gnoll, wielding a +0 club (chance to affect: 67%)
The gnoll is charmed.
The gnoll hits you from afar with a +0 spear.
* * * LOW HITPOINT WARNING * * *
The kobold hits you but does no damage. The gnoll barely misses you.
The hobgoblin hits you.
You die...

#................
.....###...(............
.......#.........##.....
.......###..............
.......##........##....
#......#..............
.##..g.g.#..............
......gK................
#...g@g.........#####.
#...g...........# #.
#...........##### #..
........$.....# ####..
..............####......
...................###..
........................
....####....†........#..
... #.............#..


You could see 2 gnolls, 2 hobgoblins, a kobold and 2 friendly gnolls.

Vanquished Creatures
  2 adders (D:2)
  4 endoplasms
  A giant cockroach (D:2)
  3 goblins
  5 hobgoblins (D:1)
  4 jackals (D:1)
  A quokka (D:2)
  4 ball pythons
  3 bats (D:1)
  3 frilled lizards (D:1)
  4 kobolds
  5 rats
39 creatures vanquished.

Notes
Turn   | Place    | Note
-------+----------+-------------------------------------------
     0 | D:1      | H0rd4k the Human Artificer began the quest for the Orb.
     0 | D:1      | Reached XP level 1. HP: 15/15 MP: 1/1
    66 | D:1      | Found Ritaahas's Jewellery Boutique.
   309 | D:1      | Reached XP level 2. HP: 21/21 MP: 2/2
   505 | D:1      | Reached XP level 3. HP: 7/26 MP: 3/3
   823 | D:1      | Found Ynecro's Weapon Shoppe.
  1158 | D:2      | Reached skill level 1 in Maces & Flails
  1229 | D:2      | Reached XP level 4. HP: 20/32 MP: 4/4
  1523 | D:2      | HP: 1/32 [gnoll/+0 spear (6)]
  1523 | D:2      | Slain by a hobgoblin

Illustrated notes

Levels and vault maps discovered:
D:1:      scummos_arrival_checkerplants, layout_loops_ring, serial_shops, shop,
          nicolae_square_shop, chequers_garden
D:2:      layout_basic, minmay_misc_feat_diagonals

Skill      XL: |  1  2  3 |
---------------+----------+-----
Dodging        | 2 |  2.2
Maces & Flails | 1 |  1.2
Fighting       | |  1.6
Armour         | |  2.0
Stealth        | |  1.2
Evocations     | |  3.4

Action                     |  1- 3 |  4- 6 || total
---------------------------+-------+-------++-------
  Melee: Club              |   208 |    34 ||   242
         Punch             |     1 |       ||     1
  Evoke: Wand              |     3 |     2 ||     5
   Stab: Sleeping          |     2 |       ||     2
 Armour: Leather armour    |    86 |    19 ||   105
  Dodge: Dodged            |   164 |    31 ||   195
